 Dungeon Sprint DCSS version 0.21-a0-338-g36cf2fc (webtiles) character file.

31 Kidiri the Skirmisher (level 3, -9/36 HPs)
             Began as a Draconian Berserker on Oct 3, 2017.
             Was a Priest of Trog.
             Mangled by a fire elemental (13 damage)
             ... summoned by a deep elf mage
             ... in the Dungeon (Sprint VII: "The Pits").
             The game lasted 00:01:29 (152 turns).

Kidiri the Skirmisher (Draconian Berserker)          Turns: 152, Time: 00:01:30

Health: -9/36      AC:  5    Str: 20    XL:     3   Next: 7%
Magic:  3/3        EV: 13    Int:  7    God:    Trog [***...]
Gold:   0          SH:  0    Dex: 10    Spells: 2/2 levels left

rFire    . . .     SeeInvis .   a - +2 hand axe
rCold    . . .     Gourm    .   (no shield)
rNeg     . . .     Faith    .   (armour unavailable)
rPois    .         Spirit   .   (helmet restricted)
rElec    .         Reflect  .   (no cloak)
rCorr    .         Harm     .   (no gloves)
MR       .....     NoTele   +   (no boots)
Stlth    +.........             (no amulet)
HPRegen  0.12/turn              (no ring)
MPRegen  0.08/turn              (no ring)

@: berserk cooldown, slowed, very slow
A: unfitting armour, cold-blooded, AC +5
a: Berserk, Trog's Hand, Burn Spellbooks, Renounce Religion


You were in the Dungeon.
You worshipped Trog.
Trog was most pleased with you.
You were not hungry.

You visited 1 branch

Inventory:

Hand Weapons
 a - a +2 hand axe (weapon)
Scrolls
 h - a scroll of blinking
 j - 3 scrolls of remove curse
 k - a scroll of summoning
Potions
 c - a potion of curing
 e - a potion of haste
 f - 4 potions of magic
 g - 3 potions of berserk rage
 i - 2 potions of invisibility
Comestibles
 b - 8 bread rations
 l - 40 fruits
 m - 7 meat rations
 n - 4 chunks of flesh


   Skills:
 + Level 5.0 Fighting
 + Level 4.7 Axes
 + Level 4.1 Dodging


You had 2 spell levels left.
You didn't know any spells.

Dungeon Overview and Level Annotations

Branches:
Dungeon (1/1)

Altars:
Ashenzari
Cheibriados
Dithmenos
Elyvilon
Fedhas
Gozag
Hepliaklqana
Kikubaaqudgha
Makhleb
Nemelex Xobeh
Okawaru
Qazlal
Ru
Sif Muna
Trog
Uskayaw
Vehumet
Wu Jian
Xom
Yredelemnul
Zin
The Shining One
Beogh
Jiyva
Lugonu


Innate Abilities, Weirdness & Mutations

Your plain brown scales are hard. (AC +5)
You cannot fit into any form of body armour.
You are cold-blooded and may be slowed by cold attacks.


Message History

The deep elf mage is severely wounded.
You are no longer berserk.
You are exhausted.
You feel yourself slow down. The deep elf mage closely misses you.
Okay, then.
Unknown command.
You feel much better.
The deep elf mage casts a spell.
The deep elf mage hits you with a long sword.
Unknown command.
You slash the deep elf mage!
Your tail-slap misses the deep elf mage.
The deep elf mage is severely wounded.
You hit the fire elemental but do no damage.
The fire elemental misses you.
The deep elf mage hits you with a long sword!
* * * LOW HITPOINT WARNING * * *
The fire elemental barely misses you. The fire elemental hits you.
The fire elemental burns you!
You die...

#..........)'..........
#+#####'#####......#..#
#..#..# #..........
#.)'..# ####+#####+
#..#### #.......#
#..#..# #.......#
#..#.ยง# #.......#
##'#E)#+###...<...#
#...@e...##.......#
#...E....##.......#
###########.......#
#########


You could see a deep elf mage and 2 fire elementals.

Vanquished Creatures
  A gnoll (D)
  An adder (D)
  An ooze (D)
  A ball python (D)
  A bat skeleton (D)
  A goblin (D)
  A hobgoblin (D)
  A kobold (D)
  A rat (D)
9 creatures vanquished.

Notes
Turn   | Place    | Note
-------+----------+-------------------------------------------
     0 | D        | Kidiri the Draconian Berserker began the quest for the Orb.
     0 | D        | Reached XP level 1. HP: 19/19 MP: 1/1
    48 | D        | Found a bloodstained altar of Trog.
    48 | D        | Found a deep blue altar of Sif Muna.
    48 | D        | Found a viscous altar of Jiyva.
    48 | D        | Found a hazy altar of Hepliaklqana.
    48 | D        | Found an opulent altar of Gozag.
    49 | D        | Found a glowing golden altar of the Shining One.
    49 | D        | Found a glowing silver altar of Zin.
    49 | D        | Found a basalt altar of Yredelemnul.
    49 | D        | Found a shimmering altar of Xom.
    49 | D        | Found an ornate altar of the Wu Jian Council.
    49 | D        | Found a sacrificial altar of Ru.
    49 | D        | Found a stormy altar of Qazlal.
    49 | D        | Found an iron altar of Okawaru.
    49 | D        | Found a sparkling altar of Nemelex Xobeh.
    49 | D        | Found a burning altar of Makhleb.
    49 | D        | Found a blossoming altar of Fedhas.
    49 | D        | Found a white marble altar of Elyvilon.
    49 | D        | Found a shadowy altar of Dithmenos.
    49 | D        | Found a snail-covered altar of Cheibriados.
    51 | D        | Found a radiant altar of Vehumet.
    51 | D        | Found a corrupted altar of Lugonu.
    51 | D        | Found a roughly hewn altar of Beogh.
    52 | D        | Found a hide-covered altar of Uskayaw.
    52 | D        | Found an ancient bone altar of Kikubaaqudgha.
    52 | D        | Found a shattered altar of Ashenzari.
    70 | D        | Reached skill level 4 in Fighting
    70 | D        | Reached XP level 2. HP: 27/27 MP: 2/2
    76 | D        | Reached ** piety under Trog
   141 | D        | Noticed a deep elf mage
   146 | D        | Reached *** piety under Trog
   149 | D        | Reached skill level 5 in Fighting
   149 | D        | Reached XP level 3. HP: 4/36 MP: 3/3
   149 | D        | HP: 1/54 [burnt (3)]
   152 | D        | Noticed a fire elemental
   152 | D        | Noticed a fire elemental
   152 | D        | Mangled by a fire elemental

Vault maps used:
D:        pitsprint

Skill      XL: |  1  2 |
---------------+-------+-----
Fighting       | 4 5 |  5.0
Dodging        | 3 4 |  4.1
Axes           | 4 |  4.7

Action                   || total
-------------------------++-------
Melee: Hand axe          ||    27
       Tailslap          ||     7
Invok: Berserk           ||     2
  Use: Potion            ||     1
Armor: Skin              ||     6
Dodge: Dodged            ||    24

Table legend:
 A = Spawn XP
 B = Non-spawn XP
 C = Spawn XP percentage of total XP
 D = Spawn monster count
 E = Non-spawn monster count
 F = Spawn count percentage of total count
 G = Total turns spent on level
                    A         B        C        D         E        F      G
               +---------+---------+-------+---------+---------+-------+---------
         Total |       0 |      45 |   0.0 |       0 |       9 |   0.0 |   152
               +---------+---------+-------+---------+---------+-------+---------
             D |       0 |      45 |   0.0 |       0 |       9 |   0.0 |   152
               +---------+---------+-------+---------+---------+-------+---------
